Map: Shrines of Lizul

Players

OpuS - Winner!

  • Race: Protoss Protoss
  • Spawn Location: 3:00

Sketchaphone - Winner!

  • Race: Zerg Zerg
  • Spawn Location: 12:00

saBCochi

  • Race: Terran Terran
  • League: Platinum
  • Spawn Location: 9:00

Pronaut

  • Race: Zerg Zerg
  • Spawn Location: 6:00

VOD

Have the link to the VOD?

Description

Time

  • Played on: Jan. 22, 2019, 4:37 p.m.
  • Length: 8:05
Show
View Real Time Build Order
Export as new Build Order

OpuS Protoss - Winner!

Build Orders:  

Get SALT Encoding   

  12  0:00  Probe  
  13  0:13  Probe  
  14  0:22  Pylon  
  14  0:29  Probe  
  15  0:38  Probe  
  16  0:46  Probe, Gateway  
  16  0:53  Assimilator  
  17  1:03  Gateway  
  17  1:04  Probe  
  18  1:16  Probe  
  19  1:18  Pylon  
  19  1:27  Probe  
  20  1:33  Zealot  
  20  1:36  Probe  
  23  1:43  Pylon  
  23  1:44  Probe  
  23  1:52  Cybernetics Core  
  24  2:09  Zealot  
  24  2:11  Probe, Assimilator  
  24  2:13  Zealot  
  28  2:23  Probe  
  28  2:28  Warp Gate  
  29  2:41  Twilight Council  
  29  2:43  Adept x2  
  33  3:11  Shield Battery  
  33  3:12  Zealot, Gateway  
  33  3:19  Charge  
  33  3:20  Zealot  
  37  3:57  Nexus  
  37  3:58  Pylon  
  37  4:18  Sentry x2  
  37  4:19  Sentry  
  43  4:25  Probe  
  44  4:31  Pylon  
  44  4:32  Pylon  
  44  4:42  Zealot  
  46  4:46  Gateway  
  46  5:02  Zealot  
  46  5:03  Zealot x2  
  46  5:04  Probe  
  53  5:16  Probe  
  50  5:46  Zealot x4  
  50  5:47  Probe x2  
  56  5:59  Probe x2  
  58  6:11  Probe x2  
  60  6:22  Stalker x2  
  60  6:23  Stalker x2, Probe x2  
  58  6:35  Probe x2  
  58  6:36  Templar Archives  
  60  6:47  Probe  
  60  6:48  Probe  
  60  6:53  Stalker x2  
  66  6:57  Assimilator  
  66  6:59  Probe  
  66  7:00  Probe, Assimilator  
  68  7:02  Stargate  
  68  7:09  Shield Battery  
  68  7:12  Shield Battery, Probe  
  68  7:15  Pylon  
  69  7:20  Probe, Stargate  
  70  7:24  Probe  
  71  7:36  Stalker x4  
  71  7:48  Probe x2  
Show
View Real Time Build Order
Export as new Build Order

Sketchaphone Zerg - Winner!

Build Orders: 1 Base Baneling Bust, Pool First 

Get SALT Encoding   

  12  0:02  Drone  
  13  0:13  Drone  
  14  0:28  Spawning Pool  
  13  0:32  Drone  
  14  0:36  Extractor  
  13  0:48  Drone  
  14  1:01  Overlord  
  14  1:07  Extractor  
  14  1:08  Drone  
  15  1:19  Drone  
  15  1:23  Zergling x2  
  17  1:27  Zergling x2  
  17  1:28  Queen  
  20  1:33  Overlord  
  20  1:43  Metabolic Boost  
  20  1:47  Zergling x2  
  21  1:57  Drone  
  22  2:06  Zergling x2  
  23  2:19  Zergling x2  
  23  2:22  Baneling Nest  
  23  2:28  Zergling x2  
  23  2:32  Spine Crawler  
  22  2:42  Spine Crawler  
  21  2:46  Zergling x2  
  22  2:51  Drone  
  22  2:52  Drone  
  22  2:53  Drone  
  25  3:08  Baneling  
  25  3:13  Zergling x2  
  26  3:21  Hatchery  
  24  3:31  Zergling x2  
  24  3:33  Zergling x6  
  23  3:41  Zergling x2  
  24  3:50  Zergling x2  
  24  3:52  Baneling x3  
  24  3:54  Baneling  
  25  4:09  Zergling x2  
  26  4:11  Zergling x2  
  27  4:32  Overlord  
  27  4:34  Drone  
  27  4:35  Zergling x2  
  29  4:38  Zergling x2  
  30  4:51  Hatchery  
  29  5:13  Zergling x8  
  29  5:22  Zergling x2  
  30  5:49  Zergling x4  
  32  5:54  Baneling  
  32  5:55  Zergling x6, Baneling  
  31  6:04  Spore Crawler  
  31  6:07  Spore Crawler  
  31  6:11  Queen  
  24  6:12  Drone x2  
  23  6:49  Zergling x8  
  23  6:53  Drone  
  28  6:55  Evolution Chamber  
  26  7:09  Zergling x4  
  28  7:18  Zergling x4  
  29  7:32  Spawning Pool, Zergling x8  
  29  7:50  Drone  
Show
View Real Time Build Order
Export as new Build Order

saBCochi Terran 

Build Orders:  

Get SALT Encoding   

  12  0:02  SCV  
  14  0:14  SCV  
  14  0:20  Supply Depot  
  14  0:26  SCV  
  15  0:42  SCV  
  16  0:46  Barracks  
  16  0:52  Supply Depot  
  16  0:54  SCV  
  17  1:06  SCV  
  18  1:16  Barracks  
  18  1:18  SCV  
  19  1:27  Barracks  
  19  1:35  Orbital Command  
  19  1:45  Refinery  
  19  1:47  Refinery  
  19  1:51  Marine  
  20  2:04  SCV  
  21  2:11  Marine  
  21  2:12  Marine  
  23  2:16  Marine  
  23  2:21  Supply Depot  
  23  2:22  SCV  
  25  2:30  Factory  
  25  2:33  Marine  
  25  2:34  Marine, SCV  
  28  2:41  Marine  
  29  2:51  Marine  
  30  2:52  Marine  
  30  2:57  SCV  
  32  2:59  Marine  
  32  3:02  Supply Depot  
  33  3:08  Marine  
  33  3:09  Marine, SCV  
  36  3:17  Marine  
  27  3:54  Factory Tech Lab  
  26  3:56  Marine x3  
  26  4:00  Starport  
  29  4:12  Command Center  
  29  4:13  Marine  
  29  4:14  Marine x2  
  29  4:15  SCV  
  33  4:23  Siege Tank, Liberator  
  36  4:31  Marine x2  
  36  4:32  Marine  
  36  4:33  SCV  
  43  4:48  Supply Depot  
  43  4:56  Siege Tank  
  32  5:27  Marine x3  
  33  5:44  Marine  
  33  5:45  Marine x2  
  12  6:02  Marine x3  
  8  6:20  Marine  
  9  6:39  Orbital Command  
  6  6:47  Factory Tech Lab  
  6  6:49  Starport Reactor  
  6  6:51  Marine x2  
  6  6:52  Marine  
  9  6:58  SCV  
  10  7:14  SCV  
  11  7:26  SCV  
  11  7:37  Barracks Reactor, Barracks Tech Lab  
  11  7:38  SCV  
  11  7:44  Barracks Reactor  
  11  7:51  SCV  
Show
View Real Time Build Order
Export as new Build Order

Pronaut Zerg 

Build Orders: Pool First 

Get SALT Encoding   

  12  0:02  Drone  
  13  0:09  Drone  
  13  0:13  Extractor  
  13  0:16  Drone  
  14  0:35  Spawning Pool  
  13  0:38  Drone  
  14  0:47  Overlord  
  14  1:13  Drone x2  
  14  1:14  Drone  
  17  1:21  Metabolic Boost  
  17  1:25  Queen  
  17  1:32  Zergling x2  
  20  1:42  Overlord  
  20  1:49  Zergling x2  
  21  1:58  Zergling x2  
  22  2:10  Zergling x2  
  22  2:11  Hatchery  
  22  2:18  Zergling x2  
  23  2:29  Overlord  
  23  2:41  Zergling x2  
  24  2:50  Zergling x6  
  27  3:02  Zergling x2  
  28  3:07  Overlord  
  18  3:52  Drone, Extractor  
  18  3:53  Drone x7  
  25  3:57  Hatchery  
  25  3:59  Queen  
  25  4:01  Drone  
  27  4:12  Drone x4  
  31  4:23  Drone  
  31  4:24  Drone  
  33  4:32  Roach Warren  
  33  4:33  Drone x2  
  34  4:41  Overlord  
  24  5:30  Roach x3  
  24  5:31  Roach x5  
  24  5:32  Roach x4  
  24  5:35  Drone x4  
  43  5:36  Drone  
  43  5:40  Extractor  
  43  5:41  Extractor  
  45  5:44  Drone x2  
  45  5:49  Extractor  
  45  5:51  Extractor  
  44  6:04  Zergling x4  
  44  6:05  Zergling x8  
  50  6:11  Drone x2  
  50  6:12  Drone  
  51  6:26  Roach x2  
  51  6:31  Zergling x6  
  49  6:52  Drone  
  49  6:53  Drone x2  
  52  6:58  Roach  
  51  7:23  Roach x5  
  47  7:45  Roach x7  
  47  7:52  Drone  
  47  7:53  Drone  
Tags
 
Add a new tag
Caveats
  • Supply blocks, unpowered buildings, or Contaminate may cause inaccurate times.
  • Supply counts are checked every 10 seconds.